[Event "Early-Titled-Tuesday-Blitz-May-07-2024"]
[Site "Chess.com"]
[Date "2024.05.07"]
[Round "11"]
[White "Felix-Rose"]
[Black "felipelobo"]
[Result "1-0"]
[WhiteElo "2206"]
[BlackElo "2049"]
[TimeControl "180+1"]
[EndTime "10:14:50 PDT"]
[Termination "Felix-Rose won on time"]

1. e4 c5 2. Nf3 d6 3. d4 cxd4 4. Nxd4 Nf6 5. Nc3 a6 6. Be3 Ng4 7. Bc1 Nf6 8. h3 e5 9. Nf3 h6 10. g4 Be6 11. g5 hxg5 12. Nxg5 Nc6 13. Be2 Be7 14. Be3 Qa5 15. Qd2 O-O-O 16. O-O-O Kb8 17. Kb1 Rc8 18. Nxe6 fxe6 19. f3 Nh5 20. Rdg1 Bh4 21. Qxd6+ Ka8 22. Qxe6 Nd4 23. Bxd4 exd4 24. Nd5 Ng3 25.
Nb6+ Kb8 26. Qd6+ Rc7 27. Nc4 Qa4 28. Rxg3 Bxg3 29. Qxg3 b5 30. b3 Qb4 31. Nb6 Qc3 32. Bd3 Kb7 33. Nd5 Qc6 34. Qxc7+ Qxc7 35. Nxc7 Kxc7 36.
f4 Kd6 37. e5+ Kc5 38. Kb2 b4 39. h4 a5 40. h5 Rh6 41. Bg6 Rh8 42. f5 Kd5 43. Re1 Rf8 44. e6 d3 45. cxd3 Rc8 46. e7 Rc5 47. e8=Q Rc2+ 48. Kb1 Kd4 49. Qe5+ Kxd3 50. f6+ Kd2 51. Bxc2 1-0

[Event "Early-Titled-Tuesday-Blitz-May-07-2024"]
[Site "Chess.com"]
[Date "2024.05.07"]
[Round "11"]
[White "s_stefi"]
[Black "Boxerandchessplayer"]
[Result "0-1"]
[WhiteElo "1975"]
[BlackElo "2241"]
[TimeControl "180+1"]
[EndTime "10:14:51 PDT"]
[Termination "Boxerandchessplayer won on time"]

1. e4 e6 2. d3 d5 3. Nd2 c5 4. Ngf3 Nc6 5. g3 Nf6 6. Bg2 Be7 7. O-O Qc7 8. Re1 b6 9. e5 Nd7 10. Qe2 g5 11. g4 Bb7 12. Nf1 O-O-O 13. c3 h6 14. a4 Rde8 15. b4 cxb4 16. cxb4 Bxb4 17. Bd2 Bxd2 18. N1xd2 Ba6 19. Rac1 Nc5 20. Rc3 Nb4 21. Qd1 Nbxd3 22. Bf1 Kb8 23. Bxd3 Bxd3 24. Nb3 Bc4 25. Nbd4 Rhf8 26. a5 f6 27. axb6 axb6 28. exf6 Rxf6 29.
Ra3 e5 30. Qa1 Qb7 31. Nf5 h5 32. h3 hxg4 33. hxg4 Nd3 34. Rb1 Nc5 35. Re1 Rfe6 36. Rb1 d4 37. Re1 Qxf3 0-1

[Event "Early-Titled-Tuesday-Blitz-May-07-2024"]
[Site "Chess.com"]
[Date "2024.05.07"]
[Round "11"]
[White "Nf3c5"]
[Black "francyIM"]
[Result "1-0"]
[WhiteElo "2618"]
[BlackElo "2775"]
[TimeControl "180+1"]
[EndTime "10:14:52 PDT"]
[Termination "Nf3c5 won by resignation"]

1. e4 c6 2. d4 d5 3. exd5 cxd5 4. Bd3 Nc6 5. c3 Qc7 6. h3 g6 7. Nf3 Bf5 8. Be2 e6 9. O-O Bd6 10. Re1 h6 11. c4 Bxb1 12. Rxb1 Nge7 13. c5 Bf4 14. b4 Bxc1 15. Qxc1 Nf5 16. Qd2 g5 17. b5 Nce7 18. Ne5 O-O 19. a4 f6 20. Nf3 Qf4 21.
Qxf4 gxf4 22. Bd3 Kf7 23. Rb2 Ng7 24. a5 Rfc8 25. Ra2 a6 26. bxa6 bxa6 27. Rb1 Ne8 28. Rb6 Nc7 29. Rab2 Nb5 30. Bxb5 axb5 31. R2xb5 Nc6 32.
a6 e5 33. dxe5 d4 34. exf6 d3 35. Rb3 d2 36. Nxd2 Nd4 37. Rb2 Rxc5 38. Ne4 Re5 39. f3 Nf5 40. Kf2 Ra5 41. R2b5 R8xa6 42. Rxa5 Rxa5 43.
Rb7+ Kf8 44. Rb2 Rd5 45. Rc2 Rd1 46. Ra2 h5 47. Ra8+ Kf7 48. Ra7+ Kg6 49. f7 Kg7 50. Ng5 Rd2+ 51. Ke1 Rd6 52. Nh7 Re6+ 53. Kf2 1-0

[Event "Early-Titled-Tuesday-Blitz-May-07-2024"]
[Site "Chess.com"]
[Date "2024.05.07"]
[Round "11"]
[White "WilsonPalencia21"]
[Black "InitiatingASC"]
[Result "1-0"]
[WhiteElo "2544"]
[BlackElo "2418"]
[TimeControl "180+1"]
[EndTime "10:14:52 PDT"]
[Termination "WilsonPalencia21 won by resignation"]

1. d4 d5 2. c4 e6 3. Nf3 c5 4. cxd5 exd5 5. Nc3 Nc6 6. Bg5 Nf6 7. e3 c4 8. Be2 Be7 9. O-O Be6 10. b3 Qa5 11. Rc1 Ba3 12. Rc2 Nb4 13. Bxf6 gxf6 14. Rd2 Nc6 15.
Qa1 Bb4 16. Rc1 Ba3 17. Rf1 Bb4 18. Rc2 Bf5 19. Rcc1 Ba3 20. Rcd1 Bc2 21. bxc4 Bxd1 22. Rxd1 dxc4 23. Bxc4 O-O-O 24. Bxf7 Kb8 25. Bb3 Qh5 26. Ne4 Qg6 27. Ng3 Bd6 28. Qb2 Bc7 29. Bc2 Qg4 30.
Bf5 Qg7 31. Be4 Bxg3 32. Bxc6 Bd6 33. Rb1 b6 34. Be4 Rhg8 35. g3 h5 36. Qb5 f5 37.
Qxf5 Bc7 38. Qxh5 Qe7 39. Ne5 Bxe5 40. Qxe5+ Qxe5 41. dxe5 Rd2 42. h4 Rxa2 43. Bd5 Rxf2 44. Kxf2 Rf8+ 45. Bf3 Kc7 46. Rd1 a5 47. Ke2 b5 48.
Rd5 Kb6 49. Be4 a4 50. Bd3 a3 51. Rxb5+ Kc6 52. Ra5 1-0

[Event "Early-Titled-Tuesday-Blitz-May-07-2024"]
[Site "Chess.com"]
[Date "2024.05.07"]
[Round "11"]
[White "Firouzja2003"]
[Black "Polish_fighter3000"]
[Result "0-1"]
[WhiteElo "3188"]
[BlackElo "3126"]
[TimeControl "180+1"]
[EndTime "10:14:53 PDT"]
[Termination "Polish_fighter3000 won on time"]

1. e4 c6 2. d4 d5 3. e5 Bf5 4. h4 h5 5. Bd3 Bxd3 6. Qxd3 Qa5+ 7. b4 Qxb4+ 8. Nd2 e6 9. Rb1 Qe7 10. Ne2 Nh6 11. O-O Nf5 12. Nf3 b6 13. Bg5 Qa3 14.
c3 Qxa2 15. Ng3 Qc4 16. Qc2 g6 17. Nxf5 gxf5 18. Ra1 a5 19. Rfb1 Nd7 20. Nd2 Qe2 21. c4 dxc4 22. Qxc4 Qxc4 23. Nxc4 Ra6 24. Rc1 Nb8 25.
Bd2 Be7 26. Rab1 Nd7 27. Nd6+ Bxd6 28. exd6 Nb8 29. d5 Kd7 30. Rb3 a4 31. Rg3 a3 32.
dxe6+ Kxe6 33. Re1+ Kd7 34. Bf4 c5 35. Re7+ Kc6 36.
Rc7+ Kb5 37. Be5 Re8 38. Re7 Rd8 39. Rxf7 Nc6 40. Ba1 Rxd6 41. Kh2 Rd1 42. Bh8 Nd4 0-1

[Event "Early-Titled-Tuesday-Blitz-May-07-2024"]
[Site "Chess.com"]
[Date "2024.05.07"]
[Round "11"]
[White "Szparu"]
[Black "lamomiajunior"]
[Result "1-0"]
[WhiteElo "2933"]
[BlackElo "2809"]
[TimeControl "180+1"]
[EndTime "10:14:53 PDT"]
[Termination "Szparu won on time"]

1. e4 c5 2. c3 Nf6 3. e5 Nd5 4. d4 e6 5. Nf3 cxd4 6. cxd4 Nc6 7. Bc4 d6 8. O-O Be7 9. Qe2 O-O 10. Rd1 Bd7 11. Bd2 Rc8 12. Nc3 Nxc3 13. bxc3 dxe5 14. dxe5 Qc7 15. Bd3 Rfd8 16. h4 Be8 17. h5 Rd5 18. Bf4 Rcd8 19. Be4 Rxd1+ 20. Rxd1 Rxd1+ 21. Qxd1 Na5 22. Qd3 h6 23. Nd4 Nc6 24. Nb5 Qa5 25. Nd6 Bxd6 26. exd6 Bd7 27. g4 Qc5 28. Be3 Qe5 29. f4 Qa5 30. g5 hxg5 31. fxg5 Ne5 32. Qd4 Ng4 33.
h6 e5 34. Qxa7 Qxa7 35. Bxa7 gxh6 36. gxh6 Nxh6 37. Bxb7 Nf5 38. Bc5 Ng3 39. Kf2 Nh5 40.
c4 Nf6 41. Be3 Ng4+ 42. Ke2 f5 43. c5 f4 44. c6 Bxc6 45. Bxc6 Nf6 46. Bb6 Nd7 47. Bxd7 1-0

[Event "Early-Titled-Tuesday-Blitz-May-07-2024"]
[Site "Chess.com"]
[Date "2024.05.07"]
[Round "11"]
[White "Zhigalko_Sergei"]
[Black "FoggyMorning"]
[Result "1-0"]
[WhiteElo "2882"]
[BlackElo "2648"]
[TimeControl "180+1"]
[EndTime "10:14:53 PDT"]
[Termination "Zhigalko_Sergei won by resignation"]

1. e4 e6 2. d4 d5 3. e5 c5 4. c3 Qb6 5. Nf3 Nc6 6. a3 Nh6 7. b4 cxd4 8. cxd4 Nf5 9. Be3 f6 10. exf6 gxf6 11. Bd3 Nxe3 12. fxe3 Bh6 13. Qe2 Bd7 14.
O-O O-O 15. Nc3 Rac8 16. Qe1 Ne7 17. Kh1 Kh8 18. Qh4 Ng8 19. Ne2 Rf7 20. Ne5 Rg7 21. Rxf6 Nxf6 22. Qxf6 Bxe3 23. Nxd7 Qd8 24. Qxe6 Qg5 25.
Ng3 Bf4 26. Ne5 Rf8 27. Nf3 Qd8 28. Nh5 Re7 29. Qg4 Be3 30. Rf1 Rg8 31. Qh3 Qe8 32.
Nf6 Qf7 33. Nxg8 Qxg8 34. Qf5 Rg7 35. Qe5 Bh6 36. h3 Qd8 37. Nh2 Kg8 38. Ng4 Bg5 39. Qe6+ Kh8 40. Qf5 h5 41. Ne5 Qe7 42. Nf7+ Kg8 43.
Nxg5 Rxg5 44. Qf3 Rg7 45. Qxd5+ Kh8 46. Qxh5+ Kg8 47. Bc4+ 1-0

[Event "Early-Titled-Tuesday-Blitz-May-07-2024"]
[Site "Chess.com"]
[Date "2024.05.07"]
[Round "11"]
[White "azikom"]
[Black "Mrlammy"]
[Result "1-0"]
[WhiteElo "2752"]
[BlackElo "2597"]
[TimeControl "180+1"]
[EndTime "10:14:54 PDT"]
[Termination "azikom won on time"]

1. d4 d5 2. Nf3 Nf6 3. Bf4 c5 4. e3 Nc6 5. Nc3 Bg4 6. Be2 e6 7. O-O Be7 8. h3 Bh5 9. Ne5 Bxe2 10. Qxe2 cxd4 11. Nxc6 bxc6 12. exd4 O-O 13. Na4 Nd7 14. c4 dxc4 15. Qxc4 Nb6 16. Nxb6 Qxb6 17. b3 Bf6 18. Be3 Qb5 19. Rac1 Rfd8 20. Rfd1 Rac8 21. Rd2 Qd5 22.
Qe2 Be7 23. Rc4 Rd7 24. Rdc2 h6 25. Ra4 c5 26. Ra5 Rdc7 27. dxc5 Bd8 28. Ra4 Be7 29. b4 Qe5 30. Ra6 Qd5 31. a3 Bf6 32. Rd2 Qb3 33. Qd3 Qxd3 34. Rxd3 Be5 35. g3 f5 36. Kg2 Bf6 37. Rxe6 Kf7 38. Ra6 Rb7 39. Bf4 g5 40.
Bd6 Bd8 41. Rf3 Ke6 42. Bc7+ 1-0

[Event "Early-Titled-Tuesday-Blitz-May-07-2024"]
[Site "Chess.com"]
[Date "2024.05.07"]
[Round "11"]
[White "h4parah5"]
[Black "Genghis_K"]
[Result "0-1"]
[WhiteElo "3017"]
[BlackElo "2955"]
[TimeControl "180+1"]
[EndTime "10:14:55 PDT"]
[Termination "Genghis_K won by resignation"]

1. d4 Nf6 2. c4 e6 3. Nf3 d5 4. Nc3 dxc4 5. e4 b5 6. e5 Nd5 7. Nxb5 Nb6 8. Be2 Nc6 9. Nc3 Bb7 10. O-O Be7 11. Na4 Na5 12. Bd2 Nc6 13. Nc5 Bxc5 14. dxc5 Nd7 15. Bc3 Nxc5 16. Bxc4 O-O 17.
Qe2 a5 18. Rac1 Qe7 19. Rc2 Nb4 20. Bxb4 axb4 21. Rfc1 Rfd8 22. Qe3 Nd7 23. Ne1 Nb6 24.
Bb3 Nd5 25. Qg3 Rac8 26. Nd3 h6 27. Nc5 Ba8 28. h3 Qg5 29. Qxg5 hxg5 30. g3 Kf8 31. Bc4 Nb6 32. Ba6 Rb8 33. Bf1 Nd5 34. Na6 Rbc8 35. Bg2 Bb7 36. Nxb4 Nxb4 37. Bxb7 Nxc2 38. Bxc8 Nb4 39.
Rxc7 Nxa2 40. Bd7 Nb4 41. Bb5 g6 42. Kg2 Rd5 43. Bc4 Rxe5 44. Kf3 Nc2 45. Rd7 Ne1+ 46.
Kg4 Kg7 47. h4 Re4+ 48. Kh3 g4+ 0-1

[Event "Early-Titled-Tuesday-Blitz-May-07-2024"]
[Site "Chess.com"]
[Date "2024.05.07"]
[Round "11"]
[White "IMchanged"]
[Black "andriipalchuk"]
[Result "1-0"]
[WhiteElo "2769"]
[BlackElo "2631"]
[TimeControl "180+1"]
[EndTime "10:14:55 PDT"]
[Termination "IMchanged won on time"]

1. d4 Nf6 2. Nc3 d5 3. Bf4 a6 4. e3 c5 5. dxc5 Nc6 6. a3 g6 7.
Nf3 Bg7 8. Be2 O-O 9. O-O Be6 10. Nd4 Bd7 11. h3 Rc8 12. Nxc6 Bxc6 13. Be5 Re8 14. Qd4 Bf8 15. Rfd1 Nd7 16. Nxd5 Nxe5 17. Qxe5 Bg7 18. Qf4 Bxd5 19. c4 Bxb2 20. Rxd5 Bxa1 21. Rxd8 Rexd8 22. Qe4 Rc7 23. g3 Bf6 24. Kg2 Rb8 25. Qf4 Rcc8 26. Bg4 Rd8 27. Qc7 h5 28. Bd7 Kf8 29. a4 e6 30. a5 Be7 31. h4 Bf6 32. e4 Be7 33.
e5 Kg8 34. Bxe6 Re8 35. Bd7 Red8 36. e6 Kf8 37. f4 f5 38. Kf3 Kg7 39. Ke3 Kf6 40.
Kd4 Kg7 41. Kd5 Bf6 42. Kd6 Kf8 43. Qb6 Be7+ 44. Kc7 Bf6 45. Qd6+ Be7 46. Qe5 Kg8 47. Kb6 Kh7 48. Qc7 Kg8 49. Ka7 Ra8+ 50. Kxb7 Kf8 51.
c6 Bc5 52. Qxd8+ Rxd8 53. c7 Ke7 54. Kxa6 Ra8+ 55. Kb7 Ra7+ 56. Kc6 Rxc7+ 57. Kxc7 Bf2 58. a6 Bxg3 59. a7 1-0

[Event "Early-Titled-Tuesday-Blitz-May-07-2024"]
[Site "Chess.com"]
[Date "2024.05.07"]
[Round "11"]
[White "Nadtkins"]
[Black "Ryukchess81"]
[Result "0-1"]
[WhiteElo "2526"]
[BlackElo "2438"]
[TimeControl "180+1"]
[EndTime "10:14:55 PDT"]
[Termination "Ryukchess81 won on time"]

1. Nf3 d5 2. g3 Nf6 3. Bg2 e6 4. c4 Be7 5. O-O O-O 6. b3 b6 7. Bb2 Bb7 8. e3 Nbd7 9. Nc3 c5 10. Qe2 Rc8 11. Rfd1 Qc7 12. Rac1 Qb8 13. d4 Qa8 14. cxd5 Nxd5 15. dxc5 Nxc5 16. Nb5 Rfd8 17. Ne1 a6 18.
Nd4 Bf6 19. h4 h6 20. h5 b5 21. g4 b4 22. f4 e5 23. Nf5 Nc3 24. Rxd8+ Rxd8 25. Bxc3 bxc3 26. Rxc3 Ne4 27. Rc2 exf4 28. exf4 Nc3 29. Qf2 Rd1 30. Kh2 Be4 31. Rd2 Ra1 32.
Nd6 Nd1 33. Qe2 Bxg2 34. Nxg2 Nc3 35. Qd3 Rxa2 36. Rxa2 Nxa2 37. Ne3 Qf3 38. Qe4 Qe2+ 39.
Kg3 Nc3 40. Qe8+ Kh7 41. Nef5 Qd3+ 42. Kg2 Ne2 43. Qxf7 Nxf4+ 44. Kf2 Bd4+ 0-1

[Event "Early-Titled-Tuesday-Blitz-May-07-2024"]
[Site "Chess.com"]
[Date "2024.05.07"]
[Round "11"]
[White "pirulillo"]
[Black "Ginger_GM"]
[Result "0-1"]
[WhiteElo "2427"]
[BlackElo "2663"]
[TimeControl "180+1"]
[EndTime "10:14:56 PDT"]
[Termination "Ginger_GM won on time"]

1. e4 d6 2. d4 Nf6 3. Nc3 Nbd7 4. Nf3 e5 5. Bc4 Be7 6. O-O c6 7. a4 Qc7 8. Re1 h6 9. b3 g5 10. dxe5 dxe5 11. Bb2 Rg8 12. Bd3 Nc5 13. Ne2 Bd6 14. Ng3 Bg4 15. h3 Be6 16. Nf5 Bxf5 17. exf5 O-O-O 18.
Bc4 e4 19. Bxf6 exf3 20. Qxf3 Rde8 21. Qh5 Nd7 22. Bb2 Be5 23. Ba3 Bxa1 24. Rxa1 Ne5 25. Bf1 g4 26. Rd1 g3 27. f4 Qb6+ 28. Kh1 Nd7 29.
Qxf7 Rd8 30. Bc4 Rge8 31. Be6 Kb8 32. Bxd7 Qe3 33. Qxe8 Rxe8 34. Bxe8 a6 35. Bg6 Qe2 36. Rg1 Qf2 37. Bd6+ Kc8 38. f6 Qd4 39. f7 Qxd6 40.
Re1 Kc7 41. f5 Qc5 42. Rf1 Qf8 43. Re1 Qd6 44. Rf1 Kd7 45. Re1 Qc5 0-1

[Event "Early-Titled-Tuesday-Blitz-May-07-2024"]
[Site "Chess.com"]
[Date "2024.05.07"]
[Round "11"]
[White "PeshkaCh"]
[Black "Alphafischer2019"]
[Result "1-0"]
[WhiteElo "2888"]
[BlackElo "2670"]
[TimeControl "180+1"]
[EndTime "10:14:57 PDT"]
[Termination "PeshkaCh won by checkmate"]

1. Nf3 Nf6 2. d4 b6 3. g3 Bb7 4. Bg2 g6 5. O-O Bg7 6. c4 O-O 7. Nc3 Ne4 8. Nxe4 Bxe4 9. Bf4 d5 10. cxd5 Qxd5 11. Bxc7 Nc6 12. e3 Rac8 13. Bf4 Nb4 14. a3 Nd3 15. Ne1 Bxg2 16. Nxg2 Nxb2 17. Qe2 Nc4 18.
h4 h6 19. Rfd1 Qb7 20. a4 Rfd8 21. Rac1 Na5 22. Ne1 Qd7 23. Qa6 Nc6 24. Nd3 e6 25. Qb5 Qb7 26. Nc5 Qe7 27. Ne4 Na5 28. Qa6 Qb7 29.
Qd3 Qd5 30. Bxh6 Bh8 31. Bg5 Re8 32. Nf6+ Bxf6 33. Bxf6 Nc4 34. e4 Qc6 35. Qf3 Qxa4 36. Qf4 Qa3 37. h5 Qf8 38. Qg5 Nd6 39. hxg6 Nxe4 40.
g7 Nxg5 41. gxf8=Q+ Kxf8 42. Bxg5 f5 43. Bf4 Kf7 44. Be5 Ke7 45. Ra1 Kd7 46. Rxa7+ Kc6 47. Rc1+ Kd5 48. Rb1 b5 49. Rxb5+ Ke4 50. Ra3 Rc1+ 51. Kg2 Rec8 52. f3# 1-0

[Event "Early-Titled-Tuesday-Blitz-May-07-2024"]
[Site "Chess.com"]
[Date "2024.05.07"]
[Round "11"]
[White "Doublekk14"]
[Black "Goffredo_Fofi"]
[Result "0-1"]
[WhiteElo "2353"]
[BlackElo "2511"]
[TimeControl "180+1"]
[EndTime "10:14:58 PDT"]
[Termination "Goffredo_Fofi won on time"]

1. c4 g6 2. Nc3 Bg7 3. Nf3 Nf6 4.
e3 d6 5. d4 Nbd7 6. Be2 O-O 7.
O-O e5 8. h3 Re8 9. dxe5 dxe5 10. e4 c6 11. Be3 Qc7 12. Qd2 Nf8 13. Rfd1 Ne6 14. Qd6 Qxd6 15. Rxd6 Nd7 16. Ng5 Nd4 17. Rd1 Bf8 18. R6xd4 exd4 19. Bxd4 Nc5 20. b4 Ne6 21. Nxe6 Bxe6 22. a3 a5 23. c5 axb4 24. axb4 Red8 25. e5 Bb3 26. Rd2 Bc2 27. Bc4 Bg7 28. f4 Ra3 29. Ne2 Bb3 30. Bxb3 Rxb3 31. g4 Rxb4 32. Kf2 Bf8 33. Rd3 Rd5 34. Ke3 Bxc5 35. f5 Rxe5+ 36. Kd2 Bxd4 37. Nxd4 Rxd4 38. Rxd4 Rd5 39. Kc3 Rxd4 40.
Kxd4 gxf5 41. gxf5 Kg7 42. Ke5 b5 43. Kd4 Kf6 0-1

[Event "Early-Titled-Tuesday-Blitz-May-07-2024"]
[Site "Chess.com"]
[Date "2024.05.07"]
[Round "11"]
[White "kpio91"]
[Black "RodTwinkz"]
[Result "1-0"]
[WhiteElo "2878"]
[BlackElo "2677"]
[TimeControl "180+1"]
[EndTime "10:14:59 PDT"]
[Termination "kpio91 won by checkmate"]

1. d4 Nf6 2. Nf3 g6 3. Bf4 Bg7 4. e3 O-O 5. h3 d6 6. Bh2 Nbd7 7.
Be2 Qe8 8. O-O e5 9. c3 Qe7 10. Na3 a6 11. Rc1 Ne4 12. Nd2 Nxd2 13. Qxd2 f5 14.
Nc4 e4 15. Na5 g5 16. f3 Nf6 17. c4 Re8 18. f4 g4 19. c5 d5 20. hxg4 Nxg4 21. Bxg4 fxg4 22. f5 Rf8 23. Bg3 h5 24. Qe1 Bf6 25. b4 Rf7 26. a4 c6 27. Rb1 Qd8 28.
Ra1 Bg5 29. Bf4 Rxf5 30. b5 Bxf4 31. exf4 axb5 32. axb5 Qf6 33. Qe3 Bd7 34. Nxb7 Rxa1 35. Rxa1 cxb5 36. Rf1 b4 37. Nd6 h4 38. Nxf5 Qxf5 39.
Rc1 Bc6 40. Rf1 g3 41. Qe2 Qd7 42. f5 Bb5 43. Qg4+ Kf8 44. Ra1 Qb7 45. f6 Bc6 46.
Ra8+ Kf7 47. Qg7+ Ke6 48. Re8+ Kf5 49. Re5+ Kf4 50. Qg5# 1-0

[Event "Early-Titled-Tuesday-Blitz-May-07-2024"]
[Site "Chess.com"]
[Date "2024.05.07"]
[Round "11"]
[White "chess123456s"]
[Black "Mops_2004"]
[Result "0-1"]
[WhiteElo "2630"]
[BlackElo "2806"]
[TimeControl "180+1"]
[EndTime "10:15:03 PDT"]
[Termination "Mops_2004 won by checkmate"]

1. e4 c5 2. Nf3 Nc6 3. d4 cxd4 4.
Nxd4 Nf6 5. Nc3 e5 6. Ndb5 d6 7. Bg5 a6 8. Na3 b5 9. Nd5 Be7 10.
Bxf6 Bxf6 11. c3 O-O 12. Nc2 Rb8 13. h4 g6 14. g3 Bg7 15. h5 Ne7 16. Nce3 Nxd5 17.
Nxd5 Bb7 18. Bg2 b4 19. Nxb4 a5 20. Nc2 Ba6 21. b3 Qc7 22. c4 a4 23. Ne3 Bb7 24.
Nd5 Bxd5 25. exd5 e4 26. Rb1 Qa5+ 27. Kf1 axb3 28. axb3 e3 29. fxe3 Qa2 30. Kg1 Rfe8 31. hxg6 hxg6 32. e4 Rb4 33. g4 Reb8 34. Rh3 Rxc4 35.
Rc1 Rxc1 36. Qxc1 Ra8 37. Rf3 Qe2 38. Qc6 Ra1+ 39. Rf1 Bd4+ 40. Kh2 Rxf1 41. Qxd6 Rf2 42. Qd8+ Kg7 43. Kh3 Rxg2 44. g5 Qf3+ 45. Kh4 Rh2# 0-1

[Event "Early-Titled-Tuesday-Blitz-May-07-2024"]
[Site "Chess.com"]
[Date "2024.05.07"]
[Round "11"]
[White "NowInChess"]
[Black "ImportedItalianMaple"]
[Result "0-1"]
[WhiteElo "2265"]
[BlackElo "2500"]
[TimeControl "180+1"]
[EndTime "10:15:03 PDT"]
[Termination "ImportedItalianMaple won by checkmate"]

1. e4 g6 2. d3 Bg7 3. g3 d5 4. Nd2 dxe4 5. dxe4 Nc6 6. Ngf3 Nh6 7. Bg2 O-O 8. O-O e5 9. Re1 Be6 10. c3 f6 11. Bf1 Qd7 12. Bc4 Rad8 13. Bxe6+ Qxe6 14. Qb3 Qxb3 15. Nxb3 b6 16. h3 Rd3 17. Be3 Rfd8 18.
Kf1 Nf7 19. Ke2 Bf8 20. Rad1 R3d6 21. Nbd2 R6d7 22. Nc4 b5 23. Ncd2 a5 24. Nb3 a4 25.
Nc5 Bxc5 26. Bxc5 Na5 27. Rxd7 Rxd7 28. Nd2 Nd6 29. Bxd6 Rxd6 30. b4 Nb7 31. Nf3 Kf7 32. Rd1 Ke6 33. Rxd6+ Nxd6 34. Nd2 c5 35. Kd3 cxb4 36.
cxb4 f5 37. f3 Nc8 38. Nb1 Nd6 39. Nc3 h6 40. a3 g5 41. g4 fxg4 42. hxg4 Kd7 43.
Nd5 Kc6 44. Ne7+ Kb6 45. Nf5 Nc4 46. Nxh6 Nxa3 47. Nf7 Nc4 48. Nxg5 a3 49. f4 a2 50. f5 a1=Q 51. Ne6 Qd1+ 52. Kc3 Qd2+ 53. Kb3 Qb2# 0-1

[Event "Early-Titled-Tuesday-Blitz-May-07-2024"]
[Site "Chess.com"]
[Date "2024.05.07"]
[Round "11"]
[White "VacheH009"]
[Black "Jojo_898"]
[Result "0-1"]
[WhiteElo "2555"]
[BlackElo "2462"]
[TimeControl "180+1"]
[EndTime "10:15:05 PDT"]
[Termination "Jojo_898 won on time"]

1. d4 Nf6 2. c4 b6 3. Nc3 Bb7 4. f3 e6 5. e4 d6 6. Bd3 c5 7. d5 exd5 8. cxd5 Nbd7 9. Nge2 Be7 10.
O-O O-O 11. Bf4 Re8 12. a4 a6 13. Rb1 Bf8 14. b4 Rb8 15. b5 a5 16. Rc1 Ne5 17. Bxe5 Rxe5 18. Nb1 Re8 19. Nd2 Nd7 20. Nc4 Ne5 21.
Nxe5 Rxe5 22. Nc3 Qh4 23. Qe1 Qh6 24. Qf2 Rh5 25. h3 Bc8 26. Rfe1 Be7 27. Bf1 Bg5 28.
Rcd1 Bh4 29. g3 Bf6 30. Ne2 Bxh3 31. Bxh3 Rxh3 32. Qg2 Rh5 33. Nf4 Rg5 34. Kf2 Bd4+ 35. Ke2 Be5 36. Rh1 Qf6 37. Nh5 Qg6 38. g4 Re8 39. Qh3 Bd4 40. Kd3 h6 41. Kc4 Rge5 42. Nf4 Qf6 43. Nd3 R5e7 44. Rhf1 Be3 45. Kb3 c4+ 46.
Kxc4 Rc7+ 47. Kb3 Qc3+ 48. Ka2 Qc4+ 49. Kb1 Qb3+ 50. Nb2 Rc2 0-1

[Event "Early-Titled-Tuesday-Blitz-May-07-2024"]
[Site "Chess.com"]
[Date "2024.05.07"]
[Round "11"]
[White "FairChess_on_YouTube"]
[Black "DominguezOnYoutube"]
[Result "0-1"]
[WhiteElo "3077"]
[BlackElo "2993"]
[TimeControl "180+1"]
[EndTime "10:15:06 PDT"]
[Termination "DominguezOnYoutube won on time"]

1. c4 e6 2. Nf3 d5 3. d4 Nf6 4.
Bg5 dxc4 5. e4 c5 6. Nc3 cxd4 7.
Qxd4 Qxd4 8. Nxd4 h6 9. Bh4 Bd7 10. Bxc4 Nc6 11. Nb3 g5 12. Bg3 Nh5 13. O-O-O Nxg3 14. hxg3 Bg7 15. Nb5 Ke7 16. Nc5 Ne5 17. Nxd7 Nxc4 18.
Nc5 Rhc8 19. Rd7+ Kf8 20. b4 b6 21. Na6 Ne5+ 22. Rc7 Nd3+ 23. Kb1 Nxf2 24. Rhc1 Rxc7 25. Rxc7 Be5 26. Rxa7 Rxa7 27. Nxa7 Nxe4 28. Kc2 Bxg3 29. a4 f5 30. Nc8 Bf2 31. a5 bxa5 32. bxa5 h5 33. Nb4 h4 34. Nd3 Bd4 35. a6 g4 36.
Ne5 h3 37. gxh3 gxh3 38. Nf3 Bc5 39. a7 Bxa7 40. Nxa7 Kg7 41. Kd3 Kh6 42. Ke3 Kh5 43. Nc6 Kg4 44. Nce5+ Kg3 45. Ng6 Nf6 46. Nf4 Ng4+ 47.
Ke2 Kxf4 0-1

[Event "Early-Titled-Tuesday-Blitz-May-07-2024"]
[Site "Chess.com"]
[Date "2024.05.07"]
[Round "11"]
[White "LLariMarc"]
[Black "Groetzi"]
[Result "1-0"]
[WhiteElo "2524"]
[BlackElo "2413"]
[TimeControl "180+1"]
[EndTime "10:15:06 PDT"]
[Termination "LLariMarc won by checkmate"]

1. d4 d5 2. Nf3 Nf6 3. Bf4 Bf5 4. Nbd2 c6 5. e3 e6 6. Nh4 Bg4 7. Be2 Bxe2 8. Qxe2 Be7 9. Nhf3 Nbd7 10. O-O O-O 11. c4 c5 12. Rac1 Rc8 13. Bg3 cxd4 14. Nxd4 Nc5 15.
Rfd1 Qb6 16. N2b3 Rfd8 17. Nxc5 Bxc5 18. Nb3 Be7 19. cxd5 Nxd5 20. Be5 Bf6 21. Bxf6 Nxf6 22. Rxc8 Rxc8 23. Rc1 Rxc1+ 24. Nxc1 Qc6 25. Nb3 Nd5 26. Qd2 Qc4 27. f3 b6 28. e4 a5 29. exd5 exd5 30.
Qd4 Qc2 31. Nd2 h6 32. Kf2 b5 33. h4 Qd1 34. Qxd5 b4 35. h5 Qc1 36. Qd8+ Kh7 37.
Qd3+ Kg8 38. Nc4 a4 39. b3 axb3 40. axb3 Qa1 41. g4 Qa2+ 42. Ke3 Qa1 43. Ke4 Qe1+ 44. Qe3 Qb1+ 45. Kd5 Qd1+ 46. Kc5 f5 47. Qe8+ Kh7 48. Qg6+ Kg8 49. Qe6+ Kh8 50. Qxf5 Qd8 51. Kxb4 Qb8+ 52. Qb5 Qf8+ 53. Qc5 Qxf3 54. Qc8+ Kh7 55. Qf5+ Qxf5 56. gxf5 Kg8 57. Nd6 Kf8 58. Kc5 Ke7 59. Ne4 Kd7 60. b4 Kc7 61. b5 Kb7 62. b6 Kb8 63. Kc6 Kc8 64. b7+ Kb8 65. Nc5 g5 66. hxg6 h5 67.
g7 h4 68. f6 Ka7 69. f7 h3 70. f8=Q h2 71. b8=B+ Ka8 72. Bxh2+ Ka7 73. Qe7+ Ka8 74. g8=R# 1-0

[Event "Early-Titled-Tuesday-Blitz-May-07-2024"]
[Site "Chess.com"]
[Date "2024.05.07"]
[Round "11"]
[White "GMthekingindian"]
[Black "Zampronha1971"]
[Result "0-1"]
[WhiteElo "2266"]
[BlackElo "2454"]
[TimeControl "180+1"]
[EndTime "10:15:09 PDT"]
[Termination "Zampronha1971 won by resignation"]

1. d4 Nf6 2. Nf3 e6 3. g3 b5 4. Bg2 Bb7 5. O-O c5 6. a4 b4 7. c4 Be7 8. d5 exd5 9. Nh4 O-O 10. cxd5 d6 11. Nf5 Bc8 12. Qd3 Bxf5 13. Qxf5 Qd7 14. Qd3 Re8 15. Nd2 Qc7 16. Nc4 Nbd7 17. f4 Nb6 18. e4 Nxc4 19. Qxc4 Nd7 20. b3 Rab8 21. Bb2 Nb6 22. Qc2 Rbc8 23. a5 Nd7 24. Qc4 Bf6 25. Rf2 Bxb2 26. Rxb2 f6 27. Bh3 Rb8 28. Re2 Nf8 29.
Be6+ Kh8 30. g4 Re7 31. h4 Rbe8 32. f5 Nd7 33. Rc2 Ne5 34. Qe2 Rb8 35. Kh1 Qb7 36.
g5 Qb5 37. Qxb5 Rxb5 38. gxf6 gxf6 39. Rg2 Rg7 40. Rxg7 Kxg7 41. Rg1+ Kh6 42. Kh2 Rxa5 43. Rg8 Ra2+ 44. Kh3 Rb2 45. Rd8 Rxb3+ 46. Kg2 Re3 47. Bg8 Kh5 48. Rxd6 Rxe4 49. Bxh7 b3 50. Rxf6 b2 51.
Bg6+ Nxg6 52. Rxg6 b1=Q 53. Rg5+ Kh6 54. Rg6+ Kh7 55.
Rg3 Re2+ 56. Kh3 Qh1+ 57. Kg4 Re4+ 58. Kg5 0-1

[Event "Early-Titled-Tuesday-Blitz-May-07-2024"]
[Site "Chess.com"]
[Date "2024.05.07"]
[Round "11"]
[White "HanSchut"]
[Black "UF_10"]
[Result "1-0"]
[WhiteElo "2394"]
[BlackElo "2492"]
[TimeControl "180+1"]
[EndTime "10:15:11 PDT"]
[Termination "HanSchut won by resignation"]

1. e4 e6 2. d4 d5 3. e5 c5 4. c3 Bd7 5. Nf3 Qb6 6. Bd3 Bb5 7. dxc5 Bxc5 8. b4 Be7 9. O-O Bxd3 10. Qxd3 Nc6 11.
Na3 a6 12. Rb1 Qc7 13. Re1 b5 14. Nc2 h6 15. Ncd4 Rc8 16. Bd2 Bd8 17. a4 Nxd4 18. Nxd4 bxa4 19. Qxa6 Qd7 20. b5 Ne7 21. b6 O-O 22. b7 Rb8 23. Rb5 Bc7 24. f4 Nf5 25.
Nc6 d4 26. c4 d3 27. Nxb8 Bxb8 28. Qb6 a3 29. Ra5 Nd4 30. Rxa3 Nc2 31. Raa1 Bc7 32. Qb2 Qc6 33. Rab1 Rb8 34. Rec1 Qxc4 35. Kh1 h5 36. Qc3 Qxc3 37. Bxc3 h4 38. Rb2 g5 39. g3 hxg3 40. hxg3 gxf4 41. gxf4 Kg7 42. Kg2 Kg6 43. Kf3 Kf5 44. Bd2 Rd8 45. Be3 Bb8 46. Rd1 Nxe3 47.
Kxe3 Ba7+ 48. Kd2 Kxf4 49. Rb3 Ke4 50. Re1+ Be3+ 51. Rxe3+ Kf4 52. Rexd3 1-0